 Dungeon Crawl Stone Soup version 0.27-a0-1202-ge72e49191c (webtiles) character file.

Game seed: 14228206296636471100

1064 Delamore the Spear-Bearer (level 8, -12/62 HPs)
             Began as a Formicid Fighter on June 4, 2021.
             Was an Initiate of Gozag.
             Killed from afar by a steam dragon (18 damage)
             ... with a ball of steam
             ... on level 5 of the Dungeon.
             The game lasted 00:06:24 (6142 turns).

Delamore the Spear-Bearer (Formicid Fighter)        Turns: 6142, Time: 00:06:25

Health: -12/62     AC:  5    Str: 23    XL:     8   Next: 52%
Magic:  8/8        EV:  9    Int:  8    God:    Gozag
Gold:   297        SH: 10    Dex: 10    Spells: 7/7 levels left

rFire    . . .     SeeInvis +   a - +0 trident
rCold    . . .     Faith    .   c - +1 kite shield
rNeg     . . .     Spirit   .   b - +1 troll leather armour
rPois    .         Reflect  .   (helmet unavailable)
rElec    .         Harm     .   (no cloak)
rCorr    .         Rampage  .   (no gloves)
Will     .....                  (no boots)
Stlth    +.........             (no amulet)
HPRegen  1.20/turn              (no ring)
MPRegen  0.11/turn              (no ring)

@: gold aura
A: permanent stasis, dig shafts and tunnels, antennae 3, four strong arms
a: Dig, Shaft Self, Renounce Religion, Potion Petition, Call Merchant, Bribe
Branch


You were on level 5 of the Dungeon.
You worshipped Gozag.
Gozag was aware of your devotion.
You visited 2 branches of the dungeon, and saw 6 of its levels.

You collected 1556 gold pieces.
You spent 615 gold pieces at shops.
You paid 644 gold pieces to Gozag.

Inventory:

Hand Weapons
 a - a +0 trident (weapon)
Missiles
 e - 24 poisoned darts (quivered)
Armour
 b - a +1 troll leather armour (worn)
 c - a +1 kite shield (worn)
Scrolls
 k - a scroll of blinking
 n - a scroll of immolation {unknown}
Potions
 d - a potion of might
 f - a potion of flight
 g - a potion of berserk rage
 h - a potion of degeneration
 j - 2 potions of lignification
 l - a potion of heal wounds {unknown}


   Skills:
 - Level 5.0 Fighting
 * Level 9.0 Polearms
 - Level 3.2 Armour
 - Level 3.6 Shields


You had 7 spell levels left.
You didn't know any spells.
Your spell library was empty.

Dungeon Overview and Level Annotations

Branches:
Dungeon (5/15)             Temple (1/1) D:4

Altars:
Ashenzari
Dithmenos
Gozag
Makhleb
Nemelex Xobeh
Okawaru
Qazlal
Sif Muna
Trog
Uskayaw
Vehumet
Wu Jian
Xom
Yredelemnul
Zin
Beogh

Shops:
D:4 *[


Innate Abilities, Weirdness & Mutations

You cannot be hasted, slowed, berserked, paralysed or teleported.
You can dig through walls and to a lower floor.
You have a pair of large antennae on your head. (SInv)
Your four strong arms can wield two-handed weapons with a shield.


Message History

The steam dragon claws you but does no damage.
You closely miss the steam dragon.
The steam dragon is moderately wounded.
You are engulfed in a cloud of scalding steam.
The steam dragon breathes steam at you. The ball of steam hits you!
You closely miss the steam dragon.
The steam dragon is moderately wounded.
You are engulfed in a cloud of scalding steam.
The steam dragon misses you. The steam dragon claws you.
You closely miss the steam dragon.
The steam dragon is moderately wounded.
You block the steam dragon's attack. x2
You hit the steam dragon.
The steam dragon is heavily wounded.
The steam dragon bites you. You block the steam dragon's attack.
You puncture the steam dragon!
The steam dragon is almost dead.
The steam dragon breathes steam at you. The ball of steam hits you!
You barely miss the steam dragon.
The steam dragon is almost dead.
You are engulfed in a cloud of scalding steam.
* * * LOW HITPOINT WARNING * * *
The steam dragon bites you!
* * * LOW HITPOINT WARNING * * *
The steam dragon claws you.
* * * LOW HITPOINT WARNING * * *
You hit the steam dragon.
The steam dragon is almost dead.
You are engulfed in a cloud of scalding steam.
* * * LOW HITPOINT WARNING * * *
The steam dragon barely misses you. The steam dragon closely misses you.
Okay, then.
You hit the steam dragon but do no damage.
The steam dragon is almost dead.
The steam dragon breathes steam at you. The ball of steam hits you!!
You die...
Your body crumbles into a pile of gold.

##..#
##########.........
$ #).# .'
##........ #..#..#
#........ #..#..#
#........ {
#..#..#####
#..###.#. {
{#..#......# #..#
.## {{ #..#......#
#..# .#
..#####..#####D.#
#..# .#
......#..#..§@§.#
....{z#..#..§§§.#
####{.#..#.§#####
...o.#..#§§....#
.....{#..#......#
..#####..#####..#
.....O#..#......#
.....o#.[#......#
####.o#..#..#####


You could see a steam dragon (catching breath).

Vanquished Creatures
  A vampire mosquito (D:5)
  Edmund (D:4)
  2 ogres (D:5)
  A bullfrog zombie (D:5)
  4 crimson imps (D:3)
  A centaur zombie (D:5)
  4 hounds
  2 orc priests (D:3)
  A jelly (D:5)
  Natasha (twice) (D:2)
  A hound skeleton (D:5)
  A howler monkey zombie (D:5)
  5 adders
  2 white imps (D:5)
  2 worms
  A dart slug (D:4)
  9 orcs
  5 ball pythons
  10 endoplasms
  2 giant cockroaches (D:4)
  2 goblins
  9 hobgoblins
  11 jackals
  7 quokkas
  14 bats
  2 frilled lizards
  4 kobolds
  5 rats
111 creatures vanquished.

Notes
Turn   | Place    | Note
-------+----------+-------------------------------------------
     0 | D:1      | Delamore the Formicid Fighter began the quest for the Orb.
     0 | D:1      | Reached XP level 1. HP: 18/18 MP: 1/1
   166 | D:1      | Reached XP level 2. HP: 20/24 MP: 2/2
   524 | D:1      | Found a faded altar of an unknown god.
   622 | D:1      | Became a worshipper of Uskayaw the Reveller
   622 | D:1      | Reached * piety under Uskayaw
   686 | D:1      | Reached ** piety under Uskayaw
  1095 | D:1      | You fall into a shaft and drop 1 floor!
  1117 | D:2      | Reached XP level 3. HP: 17/30 MP: 3/3
  1270 | D:2      | Reached skill level 3 in Polearms
  1374 | D:2      | Reached *** piety under Uskayaw
  2346 | D:2      | Noticed Natasha
  2366 | D:2      | Killed Natasha
  2367 | D:2      | Reached XP level 4. HP: 16/37 MP: 4/4
  2961 | D:3      | Reached skill level 4 in Polearms
  3082 | D:3      | Reached XP level 5. HP: 42/42 MP: 5/5
  3255 | D:3      | Found a shimmering altar of Xom.
  3315 | D:3      | Reached **** piety under Uskayaw
  3322 | D:3      | Reached XP level 6. HP: 15/49 MP: 6/6
  3540 | D:3      | Reached skill level 5 in Polearms
  3578 | D:2      | Noticed Natasha
  3587 | D:2      | Killed Natasha
  3897 | D:3      | Reached skill level 5 in Fighting
  4192 | D:3      | Found a sparkling altar of Nemelex Xobeh.
  4490 | D:4      | Noticed Edmund
  4508 | D:4      | Killed Edmund
  4509 | D:4      | Reached skill level 6 in Polearms
  4509 | D:4      | Reached XP level 7. HP: 54/56 MP: 7/7
  4802 | D:4      | Found a staircase to the Ecumenical Temple.
  4848 | Temple   | Entered the Ecumenical Temple
  4957 | Temple   | Fell from the grace of Uskayaw
  4957 | Temple   | Became a worshipper of Gozag Ym Sagoz the Greedy
  5057 | D:4      | Found a stormy altar of Qazlal.
  5069 | D:4      | Found a glowing silver altar of Zin.
  5069 | D:4      | Found a basalt altar of Yredelemnul.
  5140 | D:4      | Reached skill level 7 in Polearms
  5287 | D:4      | Found Wocasoub's Assorted Antiques.
  5300 | D:4      | Bought an emerald potion for 21 gold pieces
  5300 | D:4      | Identified a scroll of acquirement
  5301 | D:4      | Acquired 1133 gold pieces
  5306 | D:4      | Bought a crude ring mail for 198 gold pieces
  5306 | D:4      | Identified the +1 ring mail of Pitisigg {Str+4 Stlth+} (You
                  | bought it in a shop on level 4 of the Dungeon)
  5470 | D:4      | Bought a glowing troll leather armour for 396 gold pieces
  5539 | D:5      | Entered Level 5 of the Dungeon
  5646 | D:5      | Found a bloodstained altar of Trog.
  5805 | D:5      | Reached XP level 8. HP: 46/62 MP: 8/8
  5984 | D:5      | Reached skill level 8 in Polearms
  6113 | D:5      | Reached skill level 9 in Polearms
  6142 | D:5      | Killed from afar by a steam dragon

Illustrated notes

Levels and vault maps discovered:
D:1:      evilmike_arrival_plus, layout_loops_corners,
          shapermc_ecumenical_altar_mp_vishouse
D:2:      layout_basic, minmay_ruptured, uniq_natasha
D:3:      layout_rooms, nemelex_diamond_rough_becter, led_xom_imps, st_stairs_5,
          kennysheep_orc_chapel
D:4:      layout_gridville, gammafunk_temple_overflow_forgotten,
          minmay_temple_entry_stoned_glass, serial_shops,
          nicolae_shop_competitors_out_of_business, uniq_edmund
D:5:      kennysheep_windowed_halls, layout_basic, trog_butcher_becter
Temple:   oiseaux_autumnal_temple

Skill      XL: |  1  2  3  4  5  6  7  8 |
---------------+-------------------------+-----
Polearms       | 3 4 6 7 9 |  9.0
Fighting       | 4 5 |  5.0
Armour         | |  3.2
Shields        | |  3.6

Action                   |  1- 3 |  4- 6 |  7- 9 || total
-------------------------+-------+-------+-------++-------
Melee: Trident           |   137 |   192 |   185 ||   514
Throw: Dart              |       |     5 |       ||     5
Invok: Call Merchant     |       |       |     1 ||     1
 Abil: Dig               |       |     1 |       ||     1
  Use: Scroll            |     8 |     2 |     5 ||    15
       Potion            |       |       |     2 ||     2
 Stab: Paralysed         |     1 |     1 |       ||     2
Armor: Scale mail        |    38 |    51 |    13 ||   102
       Skin              |       |     1 |    14 ||    15
       Troll leather arm |       |       |    26 ||    26
Dodge: Dodged            |    41 |    45 |    52 ||   138
Block: Kite shield       |    69 |    78 |    83 ||   230

Table legend: (Time is in decaauts)
 A = Elapsed time spent in this place.
 B = Non-inter-level travel time spent in this place.
 C = Inter-level travel time spent in this place.
 D = Time resting spent in this place.
 E = Time spent auto-exploring this place.
 F = Levels seen in this place.
 G = Mean time per level.
                   A        B        C        D        E       F      G
               +--------+--------+--------+--------+--------+-----+--------+
         Total |   6255 |   5994 |    261 |   1381 |   3557 |   6 | 1042.5 |
       Dungeon |   6122 |   5890 |    232 |   1381 |   3455 |   5 | 1224.4 |
        Temple |    133 |    104 |     29 |      0 |    102 |   1 |  133.0 |
               +--------+--------+--------+--------+--------+-----+--------+

Top non-repeatable levels by time:
     D:2: 1904 daAuts
     D:1: 1412 daAuts
     D:3: 1265 daAuts
     D:4: 924 daAuts
     D:5: 614 daAuts
  Temple: 133 daAuts
